 Dungeon Crawl Stone Soup version 0.28.0-53-g5a82cb258f (webtiles) character file.

Game seed: 18290167926708836054

1 fingers the Sneak (level 1, 10/10 HPs)
             Began as a Gargoyle Enchanter on May 24, 2022.
             Was a Follower of Trog.
             Quit the game on level 1 of the Dungeon.
             The game lasted 00:00:49 (375 turns).

fingers the Sneak (Gargoyle Enchanter)               Turns: 375, Time: 00:00:50

Health: 10/10      AC:  4    Str: 11    XL:     1   Next: 20%
Magic:  3/3        EV: 11    Int: 15    God:    Trog [*.....]
Gold:   15         SH:  0    Dex: 10    Spells: 4/4 levels left

rFire   . . .      SeeInvis .   a - +1 dagger
rCold   . . .      Faith    .   (no shield)
rNeg    + . .      Spirit   .   b - +0 robe
rPois   ∞          Reflect  .   (no helmet)
rElec   +          Harm     .   (no cloak)
rCorr   .          Rampage  .   (no gloves)
Will    .....                   (no boots)
Stlth   ++........              (no amulet)
HPRegen 0.03/turn               (no ring)
MPRegen 0.08/turn               (no ring)

@: no status effects
A: sickness immunity, AC +2, negative energy resistance 1, electricity
resistance, torment resistance 1, petrification resistance
a: Renounce Religion, Berserk


You were on level 1 of the Dungeon.
You worshipped Trog.
Trog was aware of your devotion.
You visited 1 branch of the dungeon, and saw 1 of its levels.

You collected 15 gold pieces.

Inventory:

Hand Weapons
 a - a +1 dagger (weapon)
Armour
 b - a +0 robe (worn)
Scrolls
 d - a scroll of noise {unknown}
Potions
 c - a potion of invisibility


   Skills:
 + Level 0.8 Short Blades
 + Level 1.5 Dodging
 + Level 3.4 Stealth
 - Level 2.0 Spellcasting
 - Level 2.6 Hexes


You had 4 spell levels left.
You didn't know any spells.
Your spell library contained the following spells:

 Spells                   Type           Power      Damage    Failure   Level
 Ensorcelled Hibernation  Hex/Ice        10%        N/A       19%         2
 Confusing Touch          Hex            9%         N/A       22%         3
 Tukima's Dance           Hex            9%         N/A       22%         3
 Dazzling Flash           Conj/Hex       10%        N/A       36%         3


Dungeon Overview and Level Annotations

Branches:
Dungeon (1/15)

Altars:
Trog


Innate Abilities, Weirdness & Mutations

You are immune to sickness and miasma.
Your stone body is resilient. (AC +2)
You are immune to poison.
You resist negative energy. (rN+)
You are resistant to electric shocks. (rElec)
You are resistant to unholy torment.
You are immune to petrification.


Message History

You cannot tell which god this altar belongs to.
Convert to them anyway?
Trog accepts your prayer! Trog welcomes you!
You can now go berserk at will.
Found 6 poisoned darts.
Found a stone staircase leading down.
Found a scroll labelled RUFYKH LOIKH.
A hobgoblin comes into view.
Found a helmet.
The hobgoblin hits you.
You see here a scroll labelled RUFYKH LOIKH.
You hit the hobgoblin.
The hobgoblin is almost dead.
You barely miss the hobgoblin.
The hobgoblin is almost dead.
The hobgoblin hits you.
You closely miss the hobgoblin.
The hobgoblin is almost dead.
The hobgoblin hits you.
* * * LOW HITPOINT WARNING * * *
You completely miss the hobgoblin.
The hobgoblin is almost dead.
The hobgoblin closely misses you.
You barely miss the hobgoblin.
The hobgoblin is almost dead.
The hobgoblin barely misses you.
You closely miss the hobgoblin.
The hobgoblin is almost dead.
The hobgoblin hits you but does no damage.
The hobgoblin barely misses you. The hobgoblin hits you.
* * * LOW HITPOINT WARNING * * *
You hit the hobgoblin.
You kill the hobgoblin!
Trog accepts your kill.
d - a scroll labelled RUFYKH LOIKH You start resting.
HP restored.
A ball python comes into view.
You see here a +0 helmet.
Unknown command.
Are you sure you want to abandon this character and quit the game? (Confirm with "yes".)

..............
.##.........#
##.........#
#..........#
.#..........#
............#######
..................#
..................#
#.#.#.#.........@[#
..................#
#.#.#.##..........#
.......#..........#
#.#.#. #..........#
.... #..........#
.# #...........#
S............#
.#############


There were no monsters in sight!

Vanquished Creatures
  A hobgoblin (D:1)
1 creature vanquished.

Notes
Turn   | Place    | Note
-------+----------+-------------------------------------------
     0 | D:1      | fingers the Gargoyle Enchanter began the quest for the Orb.
     0 | D:1      | Reached XP level 1. HP: 10/10 MP: 3/3
    62 | D:1      | Found a faded altar of an unknown god.
    71 | D:1      | Prayed at the altar of an unknown god.
    71 | D:1      | Became a worshipper of Trog the Wrathful
    71 | D:1      | Reached * piety under Trog
   375 | D:1      | Quit the game

Illustrated notes

Levels and vault maps discovered:
D:1:      amcnicky_arrival_choice, layout_rooms, basic_ecumenical_altar,
          hangedman_decor_clover_reticule, st_stairs_11

Action                   || total
-------------------------++-------
Melee: Dagger            ||     7
Armor: Robe              ||     1
Dodge: Dodged            ||     3
